 Dungeon Sprint DCSS version 0.27-a0-277-g024f7ef292 (webtiles) character file.

Game seed: 115833575975649935

18706 mhtbhm the Executioner (level 12, -37/187 HPs)
             Began as a Minotaur Fighter on Feb 5, 2021.
             Was the Champion of Trog.
             Killed from afar by an orb of fire (89 damage)
             ... with a fireball
             ... in the Dungeon (Sprint VII: "The Pits") on Feb 6, 2021.
             The game lasted 00:08:45 (3719 turns).

mhtbhm the Executioner (Minotaur Fighter)           Turns: 3719, Time: 00:08:46

Health: -37/187    AC: 21    Str: 32    XL:     12   Next: 30%
Magic:  20/20      EV: 12    Int:  5    God:    Trog [******]
Gold:   25         SH: 15    Dex: 10    Spells: 11/11 levels left

rFire    . . .     SeeInvis .   a - +6 broad axe (vorpal)
rCold    . . .     Faith    .   c - +0 kite shield
rNeg     . . .     Spirit   .   b - +4 chain mail
rPois    +         Reflect  .   (helmet restricted)
rElec    +         Harm     .   s - +0 cloak
rCorr    .         Rampage  .   (no gloves)
Will     +....     NoTele   +   r - +0 pair of boots
Stlth    ..........             z - amulet of regeneration
HPRegen  0.81/turn              y - ring "Esudos" {rElec rPois Will+ MP+9}
MPRegen  0.17/turn              w - +6 ring of strength

@: berserking, very quick
A: retaliatory headbutt, horns 2
a: Renounce Religion, Berserk, Trog's Hand, Brothers in Arms


You were in the Dungeon.
You worshipped Trog.
Trog was exalted by your worship.
You visited 1 branch You collected 25 gold pieces.

Inventory:

Hand Weapons
 a - a +6 vorpal broad axe (weapon)
Armour
 b - a +4 chain mail (worn)
 c - a +0 kite shield (worn)
 r - a +0 pair of boots (worn)
 s - a +0 cloak (worn)
Jewellery
 w - a +6 ring of strength (right hand)
 x - an uncursed ring of protection from cold
 y - the ring "Esudos" (left hand) {rElec rPois Will+ MP+9}
   (You found it in the Dungeon)

   [ring of poison resistance]

   It insulates you from electricity.
   It protects you from poison.
   It affects your willpower, your defense against some magical effects.
   It affects your magic capacity (+9).
 z - an amulet of regeneration (around neck)
Scrolls
 j - 3 scrolls of blinking
 l - 6 scrolls of remove curse
 m - a scroll of summoning
 t - 4 scrolls of identify
 u - 5 scrolls of enchant armour
 v - 2 scrolls of fog
Potions
 d - 4 potions of might
 e - 10 potions of curing
 f - 15 potions of heal wounds
 g - a potion of haste
 h - 4 potions of magic
 i - 4 potions of berserk rage
 k - 2 potions of invisibility
 p - 2 potions of resistance
 q - a potion of mutation
Miscellaneous
 A - a lightning rod (4/4)


   Skills:
 + Level 17.2 Fighting
 + Level 21.4 Axes
 + Level 15.9 Armour
 + Level 8.2 Dodging
 + Level 2.7 Stealth
 + Level 15.5 Shields


You had 11 spell levels left.
You didn't know any spells.
Your spell library was empty.

Dungeon Overview and Level Annotations

Branches:
Dungeon (1/1)

Altars:
Cheibriados
Dithmenos
Elyvilon
Fedhas
Gozag
Hepliaklqana
Makhleb
Nemelex Xobeh
Okawaru
Qazlal
Ru
Sif Muna
Trog
Vehumet
Wu Jian
Xom
Yredelemnul
Zin
The Shining One
Beogh
Jiyva
Lugonu


Innate Abilities, Weirdness & Mutations

You reflexively headbutt those who attack you in melee.
You have a pair of horns on your head.


Message History

Your stone giant goes berserk!
The orb of fire glows yellow.
The bolt of fire hits you!!!
The bolt of fire hits your stone giant!!!
Unknown command.
A red film seems to cover your vision as you go berserk!
You feel yourself moving faster!
You feel mighty!
You closely miss the orb of fire.
Your stone giant completely misses the orb of fire.
You hit the orb of fire. You headbutt the orb of fire.
The orb of fire is lightly damaged.
The orb of fire glows yellow.
The bolt of fire hits you!!!
* * * LOW HITPOINT WARNING * * *
Your stone giant hits the orb of fire!!!
You barely miss the orb of fire.
The orb of fire is moderately damaged.
The orb of fire glows red.
The fireball explodes!
The fireball engulfs you!!!!
You die...

#+# #.# #'#
################*#
...............C@#
.................#
+##############.)#
#[)# #..# #..#
#..# #..# #..#


You could see an orb of fire and a friendly stone giant (summoned, berserk).

Vanquished Creatures
  A nagaraja (D)
  A frost giant (D)
  A lorocyproca (D)
  Josephine (D)
  2 boulder beetles (D)
  A catoblepas (D)
  2 two-headed ogres (D)
  An alligator snapping turtle (D)
  An anaconda (D)
  An orc high priest (D)
  3 lindwurms (D)
  An orc knight (D)
  A deep elf pyromancer (D)
  A manticore (D)
  A cane toad (D)
  A gargoyle (D)
  2 freezing wraiths (D)
  An ice devil (D)
  A guardian mummy (D)
  A merfolk (D)
  A tyrant leech (D)
  A shadow (D)
  A ynoxinul (D)
  A spriggan (D)
  2 fire bats (D)
  4 wraiths (D)
  A vampire (D)
  4 yaks (D)
  Eustachio (D)
  A basilisk (D)
  2 steam dragons (D)
  2 wargs (D)
  A soldier ant (shapeshifter) (D)
  An acid dragon (D)
  A floating eye (D)
  Purgy (D)
  An ice beast (D)
  A sky beast (D)
  3 orc warriors (D)
  A black bear (D)
  A centaur (D)
  A phantom (D)
  A small abomination (D)
  An earth elemental (D)
  A scorpion (D)
  3 killer bees (D)
  3 wights (D)
  An orc priest (D)
  3 orc wizards (D)
  2 hell rats (D)
  A mummy (D)
  2 gnolls (D)
  An ufetubus (D)
  An adder skeleton (D)
  A leopard gecko (D)
  12 orcs (D)
  A ball python (D)
  2 bats (D)
  A bat skeleton (D)
  A giant cockroach (D)
  A goblin (D)
  A hobgoblin (D)
  11 jackals (D)
  A kobold (D)
  A leopard gecko zombie (D)
111 creatures vanquished.

Vanquished Creatures (collateral kills)
  A death yak (shapeshifter) (D)
1 creature vanquished.

Vanquished Creatures (others)
  2 orcs (D)
2 creatures vanquished.

Grand Total: 114 creatures vanquished

Notes
Turn   | Place    | Note
-------+----------+-------------------------------------------
     0 | D        | mhtbhm the Minotaur Fighter began the quest for the Orb.
     0 | D        | Reached XP level 1. HP: 19/19 MP: 0/0
   150 | D        | Found a bloodstained altar of Trog.
   150 | D        | Found a shimmering blue altar of Sif Muna.
   150 | D        | Found a viscous altar of Jiyva.
   150 | D        | Found a hazy altar of Hepliaklqana.
   150 | D        | Found an opulent altar of Gozag.
   151 | D        | Found a glowing golden altar of the Shining One.
   151 | D        | Found a glowing silver altar of Zin.
   151 | D        | Found a basalt altar of Yredelemnul.
   151 | D        | Found a shimmering altar of Xom.
   151 | D        | Found an ornate altar of the Wu Jian Council.
   151 | D        | Found a sacrificial altar of Ru.
   151 | D        | Found a stormy altar of Qazlal.
   151 | D        | Found an iron altar of Okawaru.
   151 | D        | Found a sparkling altar of Nemelex Xobeh.
   151 | D        | Found a burning altar of Makhleb.
   151 | D        | Found a blossoming altar of Fedhas.
   151 | D        | Found a white marble altar of Elyvilon.
   151 | D        | Found a shadowy altar of Dithmenos.
   151 | D        | Found a snail-covered altar of Cheibriados.
   153 | D        | Found a radiant altar of Vehumet.
   153 | D        | Found a corrupted altar of Lugonu.
   153 | D        | Found a roughly hewn altar of Beogh.
   155 | D        | Became a worshipper of Trog the Wrathful
   199 | D        | Reached * piety under Trog
   200 | D        | Reached XP level 2. HP: 24/28 MP: 1/1
   370 | D        | Reached skill level 3 in Axes
   370 | D        | Reached skill level 5 in Armour
   376 | D        | Reached ** piety under Trog
   377 | D        | Reached skill level 5 in Fighting
   377 | D        | Reached skill level 1 in Dodging
   653 | D        | Noticed Purgy
   657 | D        | Reached XP level 3. HP: 36/36 MP: 2/2
   657 | D        | Reached *** piety under Trog
   660 | D        | Killed Purgy
   661 | D        | Reached skill level 5 in Axes
   661 | D        | Reached XP level 4. HP: 45/45 MP: 3/3
   773 | D        | Noticed a phantom
   778 | D        | Reached **** piety under Trog
   780 | D        | Reached skill level 6 in Axes
   780 | D        | Reached XP level 5. HP: 51/51 MP: 4/4
   781 | D        | Reached skill level 7 in Axes
   783 | D        | Killed a phantom
   784 | D        | Reached XP level 6. HP: 60/60 MP: 5/5
   786 | D        | Reached ***** piety under Trog
   787 | D        | Reached skill level 8 in Axes
   851 | D        | Noticed an ice devil
   859 | D        | Killed an ice devil
   860 | D        | Reached skill level 10 in Axes
   860 | D        | Reached skill level 10 in Armour
   860 | D        | Reached skill level 5 in Dodging
   860 | D        | Reached skill level 1 in Stealth
   860 | D        | Reached XP level 7. HP: 46/69 MP: 6/6
   968 | D        | Noticed a fire bat
   968 | D        | Noticed a fire bat
   970 | D        | Killed a fire bat
   972 | D        | Killed a fire bat
   973 | D        | Reached skill level 11 in Axes
  1043 | D        | Noticed a deep elf pyromancer
  1045 | D        | Reached XP level 8. HP: 78/78 MP: 7/7
  1047 | D        | Reached ****** piety under Trog
  1048 | D        | Received a gift from Trog
  1054 | D        | Killed a deep elf pyromancer
  1055 | D        | Reached skill level 12 in Axes
  1055 | D        | Reached skill level 10 in Shields
  1335 | D        | Noticed a tyrant leech
  1336 | D        | Noticed a manticore
  1343 | D        | Killed a manticore
  1344 | D        | Reached skill level 10 in Fighting
  1344 | D        | Reached skill level 13 in Axes
  1344 | D        | Killed a tyrant leech
  1345 | D        | Reached XP level 9. HP: 85/85 MP: 8/8
  1386 | D        | Noticed a gargoyle
  1393 | D        | Reached skill level 14 in Axes
  1395 | D        | Killed a gargoyle
  1400 | D        | Received a gift from Trog
  1401 | D        | Reached skill level 15 in Axes
  1575 | D        | Noticed a boulder beetle
  1579 | D        | Noticed a faun
  1579 | D        | Noticed a deep troll
  1579 | D        | a faun changed into a deep troll
  1584 | D        | Killed a boulder beetle
  1584 | D        | Noticed an eight-headed hydra
  1584 | D        | a deep troll changed into an eight-headed hydra
  1585 | D        | Noticed a goliath frog
  1585 | D        | an eight-headed hydra changed into a goliath frog
  1590 | D        | Noticed a fire dragon
  1590 | D        | a goliath frog changed into a fire dragon
  1595 | D        | Noticed a death yak
  1595 | D        | a fire dragon changed into a death yak
  1598 | D        | Killed a death yak
  1599 | D        | Reached skill level 16 in Axes
  1777 | D        | Noticed a catoblepas
  1785 | D        | Reached XP level 10. HP: 97/97 MP: 9/9
  1797 | D        | Killed a catoblepas
  1964 | D        | Received a gift from Trog
  1965 | D        | Reached skill level 17 in Axes
  2197 | D        | Noticed an orc knight
  2209 | D        | Received a gift from Trog
  2211 | D        | Killed an orc knight
  2335 | D        | Noticed a lindwurm
  2341 | D        | Killed a lindwurm
  2342 | D        | Reached skill level 18 in Axes
  2426 | D        | Noticed a cane toad
  2430 | D        | Received a gift from Trog
  2433 | D        | Killed a cane toad
  2555 | D        | Noticed a lindwurm
  2555 | D        | Noticed a lindwurm
  2762 | D        | Killed a lindwurm
  2763 | D        | Reached XP level 11. HP: 96/108 MP: 10/10
  2763 | D        | Killed a lindwurm
  2808 | D        | Noticed Josephine
  2808 | D        | Noticed a two-headed ogre
  2813 | D        | Killed a two-headed ogre
  2814 | D        | Reached skill level 19 in Axes
  2817 | D        | Noticed a nagaraja
  2817 | D        | Noticed Eustachio
  2820 | D        | Noticed an anaconda
  2822 | D        | Killed Josephine
  2825 | D        | Received a gift from Trog
  2826 | D        | Reached skill level 15 in Armour
  2829 | D        | Killed an anaconda
  2830 | D        | Killed a nagaraja
  2831 | D        | Reached skill level 15 in Fighting
  2831 | D        | Reached skill level 20 in Axes
  2831 | D        | Killed Eustachio
  2834 | D        | Received a gift from Trog
  3021 | D        | Noticed an orc high priest
  3021 | D        | Noticed a boulder beetle
  3022 | D        | Noticed an alligator snapping turtle
  3024 | D        | Noticed a two-headed ogre
  3033 | D        | Received a gift from Trog
  3044 | D        | Killed a two-headed ogre
  3044 | D        | Received a gift from Trog
  3045 | D        | Killed an alligator snapping turtle
  3051 | D        | Killed an orc high priest
  3070 | D        | Killed a boulder beetle
  3070 | D        | Received a gift from Trog
  3071 | D        | Reached skill level 15 in Shields
  3071 | D        | Reached XP level 12. HP: 43/123 MP: 11/11
  3401 | D        | Noticed a frost giant
  3408 | D        | Reached skill level 21 in Axes
  3414 | D        | Killed a lorocyproca
  3414 | D        | Killed a frost giant
  3425 | D        | Got the ring "Esudos" {rElec rPois Will+ MP+9}
  3714 | D        | Noticed an orb of fire
  3719 | D        | Killed from afar by an orb of fire

Illustrated notes

Levels and vault maps discovered:
D:        pitsprint [storerooms_1, entrance_room_1, metal_vault_5, armoury_1,
          mini_pit_1, grid_room_1, main_hall_1, silver_pit, the_coven_3,
          the_vestibule_1, steel_vault_5, golden_pit, hallway_of_sentries,
          crystal_vault_2, iron_vault_1, final_vault]

Skill      XL: |  1  2  3  4  5  6  7  8  9 10 11 12 |
---------------+-------------------------------------+-----
Fighting       | 4 5 6 7 8 9 10 11 13 16 17 | 17.2
Armour         | 4 5 7 8 10 11 12 13 14 15 | 15.9
Shields        | 4 6 7 8 9 10 11 12 15 | 15.5
Axes           | 3 5 6 7 10 11 13 16 18 20 21 | 21.4
Dodging        | 1 2 3 4 5 6 7 8 |  8.2
Stealth        | 1 2 |  2.7

Action                   |  1- 3 |  4- 6 |  7- 9 | 10-12 || total
-------------------------+-------+-------+-------+-------++-------
Melee: War axe           |    10 |    11 |    17 |       ||    38
       Hand axe          |    32 |    19 |       |       ||    51
       Headbutt          |     3 |     6 |    14 |    31 ||    54
       Broad axe         |       |       |    34 |   145 ||   179
Invok: Berserk           |     1 |     1 |     5 |     5 ||    12
       Brothers in Arms  |       |       |     1 |     1 ||     2
Armor: Scale mail        |    28 |       |       |       ||    28
       Chain mail        |       |     9 |    18 |    59 ||    86
Dodge: Dodged            |    22 |     7 |    11 |    41 ||    81
Block: Kite shield       |    33 |    13 |    13 |    75 ||   134

Table legend: (Time is in decaauts)
 A = Elapsed time spent in this place.
 B = Non-inter-level travel time spent in this place.
 C = Inter-level travel time spent in this place.
 D = Time resting spent in this place.
 E = Time spent auto-exploring this place.
 F = Levels seen in this place.
 G = Mean time per level.
                   A        B        C        D        E       F      G
               +--------+--------+--------+--------+--------+-----+--------+
         Total |   3787 |   3787 |      0 |   2633 |     24 |   1 | 3787.0 |
       Dungeon |   3787 |   3787 |      0 |   2633 |     24 |   1 | 3787.0 |
               +--------+--------+--------+--------+--------+-----+--------+

Top non-repeatable levels by time:
       D: 3787 daAuts
